 Dungeon Crawl Stone Soup version 0.27.1-2-g3b301248ec (webtiles) character file.

Game seed: 4138142511955114388

172 Crownlay the Chopper (level 5, -7/45 HPs)
             Began as a Hill Orc Fighter on Sept 22, 2021.
             Mangled by a wyvern (16 damage)
             ... on level 5 of the Dungeon.
             The game lasted 00:05:43 (3274 turns).

Crownlay the Chopper (Hill Orc Fighter)             Turns: 3274, Time: 00:05:44

Health: -7/45      AC:  6    Str: 19    XL:     5   Next: 53%
Magic:  5/5        EV: 13    Int:  8    God:
Gold:   135        SH:  9    Dex: 11    Spells: 4/4 levels left

rFire    . . .     SeeInvis .   a - +0 war axe
rCold    . . .     Faith    .   s - +0 buckler
rNeg     . . .     Spirit   .   b - +0 scale mail
rPois    .         Reflect  +   (no helmet)
rElec    .         Harm     .   (no cloak)
rCorr    .         Rampage  .   (no gloves)
Will     .....                  (no boots)
Stlth    ..........             q - amulet of reflection
HPRegen  0.15/turn              r - +4 ring of evasion
MPRegen  0.09/turn              (no ring)

@: mighty
A: no striking features
a: no special abilities


You were on level 5 of the Dungeon.
You visited 1 branch of the dungeon, and saw 5 of its levels.

You collected 171 gold pieces.
You spent 36 gold pieces at shops.

Inventory:

Hand Weapons
 a - a +0 war axe (weapon)
Missiles
 l - 5 silver javelins (quivered)
Armour
 b - a +0 scale mail (worn)
 c - a +0 kite shield
 s - a +0 buckler (worn)
Jewellery
 q - an amulet of reflection (around neck)
 r - a +4 ring of evasion (left hand)
Scrolls
 e - 2 scrolls of noise {unknown}
 g - 2 scrolls of identify {unknown}
 h - a scroll of fog {unknown}
 i - a scroll of immolation {unknown}
 j - a scroll of teleportation {unknown}
 k - a scroll of blinking {unknown}
 n - a scroll of enchant armour {unknown}
Potions
 f - a potion of lignification {unknown}
 m - 2 potions of attraction {unknown}
 o - 2 potions of mutation {unknown}
 p - a potion of berserk rage {unknown}
 t - a potion of curing
 u - a potion of degeneration {unknown}
 v - a potion of cancellation {unknown}


   Skills:
 - Level 3.6 Fighting
 * Level 6.9 Axes
 - Level 3.2 Armour
 - Level 4.0 Shields


You had 4 spell levels left.
You didn't know any spells.
Your spell library contained the following spells:

 Spells                   Type           Power      Damage    Failure   Level
 Animate Skeleton         Necr           0%         N/A       77%         1
 Wereblood                Tmut           0%         N/A       88%         2
 Dazzling Flash           Conj/Hex       0%         N/A       98%         3
 Agony                    Necr           0%         N/A       100%        5
 Silence                  Hex/Air        0%         N/A       100%        5
 Dragon Form              Tmut           0%         N/A       100%        7
 Storm Form               Tmut/Air       0%         N/A       100%        7


Dungeon Overview and Level Annotations

Branches:
Dungeon (5/15)
 Temple: D:4-7

Altars:

Shops:
D:3 *   D:4 !


Message History

The quokka is severely wounded.
The quokka bites you but does no damage.
The quokka barely misses you.
You hit the quokka.
You kill the quokka!
No target in view!
No target in view!
No target in view!
HP restored.
A wyvern comes into view.
The wyvern hisses angrily.
A wyvern is nearby!
You hit the wyvern.
The wyvern is lightly wounded.
The wyvern bites you!
You completely miss the wyvern.
The wyvern is lightly wounded.
The wyvern bites you!
The wyvern bites you but does no damage.
You are too injured to fight recklessly!
You are too injured to fight recklessly!
You are too injured to fight recklessly!
You are too injured to fight recklessly!
You are too injured to fight recklessly!
You feel very mighty all of a sudden. The wyvern bites you!
* * * LOW HITPOINT WARNING * * *
The wyvern completely misses you.
You slash the wyvern!
The wyvern is severely wounded.
The wyvern misses you.
You closely miss the wyvern.
The wyvern is severely wounded.
The wyvern bites you.
* * * LOW HITPOINT WARNING * * *
You block the wyvern's attack.
You hit the wyvern.
The wyvern is almost dead.
The wyvern bites you!
You die...

## . . .##
.#####..###
#.........#
#######.....##..
..........#..#
...#..l.#..#
#.#.@...#.#
#.....†...#
##.†......#
##.......#
#.......#
#<......#
###.....#
#...#.# ##.#..#


You could see a wyvern.

Vanquished Creatures
  A scorpion (D:4)
  A jelly (D:5)
  4 adders
  3 worms
  4 endoplasms
  3 giant cockroaches (D:2)
  6 hobgoblins
  3 jackals (D:2)
  3 quokkas
  6 bats
  3 frilled lizards (D:1)
  2 goblins
  3 rats
42 creatures vanquished.

Vanquished Creatures (others)
  6 plants
6 creatures vanquished.

Grand Total: 48 creatures vanquished

Notes
Turn   | Place    | Note
-------+----------+-------------------------------------------
     0 | D:1      | Crownlay the Hill Orc Fighter began the quest for the Orb.
     0 | D:1      | Reached XP level 1. HP: 19/19 MP: 1/1
    49 | D:1      | Reached skill level 3 in Axes
   125 | D:1      | Reached XP level 2. HP: 24/26 MP: 2/2
   178 | D:1      | Found a faded altar of an unknown god.
   604 | D:2      | Reached skill level 4 in Axes
  1095 | D:2      | Got the Compendium of Shape Shifting and Black Magic
  1159 | D:2      | Reached XP level 3. HP: 24/31 MP: 3/3
  1386 | D:2      | Reached skill level 5 in Axes
  1728 | D:3      | Reached XP level 4. HP: 39/39 MP: 4/4
  1895 | D:3      | Found Jydodyta's Assorted Antiques.
  2392 | D:4      | Found Kinuefiu's Distillery.
  2398 | D:4      | Bought a potion of curing for 36 gold pieces
  2517 | D:4      | Noticed a scorpion
  2535 | D:4      | Killed a scorpion
  2536 | D:4      | Reached skill level 6 in Axes
  2536 | D:4      | Reached XP level 5. HP: 12/45 MP: 5/5
  3223 | D:5      | Entered Level 5 of the Dungeon
  3267 | D:5      | Noticed a wyvern
  3274 | D:5      | Mangled by a wyvern

Illustrated notes

Levels and vault maps discovered:
D:1:      eino_arrival_druids_welcome, layout_loops_ring,
          ebering_ecumenical_altar_sacrificial
D:2:      layout_loops_ring, st_stairs_2
D:3:      layout_basic, serial_shops, shop_statue, serial_bayou_pond_c,
          kennysheep_donut
D:4:      layout_loops_corners, serial_shops, shop
D:5:      layout_rooms, minmay_temple_entry_butterflies, minmay_curled_crystal,
          minmay_checkerbox, uniq_ijyb

Skill      XL: |  1  2  3  4  5 |
---------------+----------------+-----
Axes           | 3 4 5 6 |  6.9
Shields        | 4 |  4.0
Fighting       | |  3.6
Armour         | |  3.2

Action                   |  1- 3 |  4- 6 || total
-------------------------+-------+-------++-------
Melee: War axe           |    88 |    62 ||   150
  Use: Potion            |       |     2 ||     2
Armor: Scale mail        |    37 |    17 ||    54
Dodge: Dodged            |    30 |    23 ||    53
Block: Kite shield       |    46 |    21 ||    67
       Buckler           |       |     9 ||     9
